 Dungeon Crawl Stone Soup version 0.23.1 (webtiles) character file.

Game seed: 7005108476188067492

14972 LostNumber the Grappler (level 12, -8/156 HPs)
             Began as an Ogre Transmuter on Mar 14, 2019.
             Was an Elder of Ru.
             Mangled by a seven-headed hydra (17 damage)
             ... on level 1 of the Lair of Beasts.
             The game lasted 00:32:23 (16739 turns).

LostNumber the Grappler (Ogre Transmuter)          Turns: 16739, Time: 00:32:23

Health: -8/156     AC: 12    Str: 17    XL:     12   Next: 22%
Magic:  33/33      EV:  9    Int: 30    God:    Ru [****..]
Gold:   835        SH:  0    Dex:  9    Spells: 10/27 levels left

rFire    x . .     SeeInvis .     - Unarmed
rCold    + + +     Gourm    .   (shield currently unavailable)
rNeg     . . .     Faith    .   (armour currently unavailable)
rPois    +         Spirit   .   (helmet currently unavailable)
rElec    .         Reflect  .   (cloak currently unavailable)
rCorr    .         Harm     .   (gloves unavailable)
MR       +....                  (boots unavailable)
Stlth    +.........             x - amulet "Nicaupn" {RegenMP Int+5}
HPRegen  0.36/turn              c - ring "Ulomawam" {*Corrode +Blink MP+9 Int+7}
MPRegen  0.48/turn              F - +4 ring of protection

@: exhausted, ice-form, lightly drained
A: large, unfitting armour, inability to use devices, inability to train dodging
a: End Transformation, Draw Out Power, Power Leap, Renounce Religion


You were on level 1 of the Lair of Beasts.
You worshipped Ru.
Ru was greatly pleased with you.
You were hungry.
You were a creature of crystalline ice.
You visited 3 branches of the dungeon, and saw 12 of its levels.
You also visited: Sewer.

You collected 965 gold pieces.
You spent 130 gold pieces at shops.

Inventory:

Missiles
 a - 94 arrows
Armour
 b - a +0 robe (melded)
Jewellery
 c - the ring "Ulomawam" (left front paw) {*Corrode +Blink MP+9 Int+7}
   (You found it on level 1 of the Lair of Beasts)

   [ring of magical power]

   It affects your intelligence (+7).
   It affects your magic capacity (+9).
   It lets you blink.
   It may corrode you when you take damage.
 d - an uncursed ring of protection from cold {unknown}
   (You found it on level 10 of the Dungeon)
 l - an uncursed ring of protection from magic
   (You found it on level 9 of the Dungeon)
 x - the amulet "Nicaupn" (around neck) {RegenMP Int+5}
   (You bought it in a shop on level 4 of the Dungeon)

   [amulet of magic regeneration]

   It increases your magic regeneration.
   It affects your intelligence (+5).
 z - an uncursed ring of see invisible
   (You found it on level 6 of the Dungeon)
 F - a +4 ring of protection (right front paw)
   (You took it off an orc priest on level 5 of the Dungeon)
 J - an uncursed ring of protection from cold {unknown}
   (You found it on level 9 of the Dungeon)
Scrolls
 f - 6 scrolls of magic mapping
 h - 10 scrolls of remove curse {@r2}
 i - 3 scrolls of immolation {!r}
 o - 2 scrolls of fear {unknown}
 v - 2 scrolls of blinking
 y - a scroll of enchant weapon
 C - 6 scrolls of teleportation {@r4}
 E - 3 scrolls of enchant armour
 G - 4 scrolls of fog
Potions
 j - 5 potions of curing {@q1}
 k - 4 potions of flight
 n - 7 potions of agility
 p - 2 potions of mutation {!q}
 q - 3 potions of heal wounds {@q2}
 r - 5 potions of might
 s - 4 potions of haste {@q3}
 w - a potion of cancellation
 A - a potion of lignification {!q}
 H - 2 potions of magic
Comestibles
 e - 14 rations {!d}


   Skills:
 + Level 11.0(10.6) Fighting
 * Level 11.3(10.9) Unarmed Combat
 - Level 8.0(7.6) Spellcasting
 - Level 2.0(1.6) Translocations
 - Level 9.0(8.6) Transmutations
 - Level 3.6(3.2) Ice Magic
 - Level 1.4(1.1) Poison Magic


You had 10 spell levels left.
You knew the following spells:

 Your Spells              Type           Power        Failure   Level  Hunger
a - Beastly Appendage     Tmut           ######       1%          1    None
b - Blade Hands           Tmut           ######....   3%          5    ####...
c - Ice Form              Ice/Tmut       #####...     3%          4    ##.....
d - Blink                 Tloc           N/A          3%          2    None
s - Sticks to Snakes      Tmut           ######..     1%          2    None
x - Spider Form           Tmut/Pois      #####.....   1%          3    None

Your spell library contained the following spells:

 Spells                   Type           Power        Failure   Level  Hunger
 Freeze                   Ice            ####         1%          1    None
 Throw Frost              Conj/Ice       ###...       3%          2    None
 Magic Dart               Conj           ##..         4%          1    None
 Call Imp                 Summ           ##......     7%          2    None
 Corpse Rot               Necr           N/A          7%          2    None
 Slow                     Hex            ##......     7%          2    None
 Ozocubu's Armour         Chrm/Ice       ###.....     7%          3    None
 Mephitic Cloud           Conj/Pois/Air  ##......     12%         3    None
 Conjure Flame            Conj/Fire      ##......     14%         3    None
 Stone Arrow              Conj/Erth      ##....       14%         3    None
 Hydra Form               Tmut           ######....   21%         6    ######.
 Summon Ice Beast         Ice/Summ       ###.....     22%         4    ##.....
 Throw Icicle             Conj/Ice       ###.....     22%         4    ##.....
 Leda's Liquefaction      Hex/Erth       ##........   41%         4    ##.....
 Summon Forest            Summ/Tloc      ###.......   65%         5    ####...
 Summon Hydra             Summ           ##........   100%        7    #######


Dungeon Overview and Level Annotations

Branches:
Dungeon (10/15)            Temple (1/1) D:7            Lair (1/6) D:10
    Orc: D:9-12

Altars:
Ashenzari
Cheibriados
Dithmenos
Elyvilon
Fedhas
Gozag
Hepliaklqana
Kikubaaqudgha
Makhleb
Nemelex Xobeh
Okawaru
Qazlal
Ru
Sif Muna
Trog
Uskayaw
Vehumet
Wu Jian
Xom
Yredelemnul
Zin
The Shining One

Shops:
D:4 *

Portals:
Trove: D:10 (give +5 demon whip)

Annotations:
D:3 3 runed translucent doors, tape's ghost, amateur TeAE
D:5 2 transporters, Artool's ghost, novice DsFi
D:9 5 runed translucent doors


Innate Abilities, Weirdness & Mutations

You are too large for most types of armour.
((You have tough skin. (AC +1)))
You cannot study or use magical devices.
You cannot train Dodging skill.


Message History

The seven-headed hydra bites you!
The seven-headed hydra barely misses you.
The seven-headed hydra completely misses you.
The seven-headed hydra bites you but does no damage.
Your adder bites the seven-headed hydra.
You pummel the seven-headed hydra!!
The seven-headed hydra seems to slow down.
You freeze the seven-headed hydra!
Your adder bites the seven-headed hydra.
The seven-headed hydra bites you!
The seven-headed hydra bites you but does no damage.
The seven-headed hydra bites you!
The seven-headed hydra barely misses you.
The seven-headed hydra bites you. The seven-headed hydra bites you!
* * * LOW HITPOINT WARNING * * *
The seven-headed hydra bites you!
* * * LOW HITPOINT WARNING * * *
You punch the seven-headed hydra! You freeze the seven-headed hydra.
You kill the seven-headed hydra!
Your Fighting skill increases to level 11!
Your adder barely misses the seven-headed hydra.
You are restored by drawing out deep reserves of power within.
You feel drained.
A wolf comes into view.
Your adder bites the seven-headed hydra.
The seven-headed hydra barely misses you.
The seven-headed hydra bites you but does no damage.
The seven-headed hydra bites you!
* * * LOW HITPOINT WARNING * * *
The seven-headed hydra bites you.
* * * LOW HITPOINT WARNING * * *
The seven-headed hydra bites you.
* * * LOW HITPOINT WARNING * * *
The seven-headed hydra bites you.
* * * LOW HITPOINT WARNING * * *
The seven-headed hydra bites you!
* * * LOW HITPOINT WARNING * * *
You punch the seven-headed hydra! You freeze the seven-headed hydra.
Your adder bites the seven-headed hydra.
The seven-headed hydra bites you.
* * * LOW HITPOINT WARNING * * *
The seven-headed hydra bites you.
* * * LOW HITPOINT WARNING * * *
The seven-headed hydra bites you!
* * * LOW HITPOINT WARNING * * *
The seven-headed hydra bites you!
* * * LOW HITPOINT WARNING * * *
The seven-headed hydra closely misses you.
The seven-headed hydra bites you!
You die...

......... ..............
........# #....†.....
...(....# #...###.#.#
........# #..## #####
....D...# #..## ..).....#
##...# ........# ####...##
.......D###########P##...####
..........h....DYS............
..............S#####.###.#####
######.###....## ### ### ###
##...# #...## ##....# #....##
##....# #...## ###


You could see a seven-headed hydra, a wolf and 2 friendly adders.

Vanquished Creatures
  A hydra (Lair:1)
  5 two-headed ogres
  Joseph (D:7)
  A gargoyle (D:9)
  4 spiny frogs (Lair:1)
  2 guardian mummies (D:10)
  A troll (D:9)
  Prince Ribbit (D:6)
  6 hippogriffs
  A yak (D:9)
  A wyvern (D:9)
  A basilisk (Lair:1)
  2 hungry ghosts
  2 wargs
  Duvessa (D:4)
  3 sky beasts
  A water moccasin (D:10)
  4 ice beasts
  6 orc warriors
  2 necrophages
  3 phantoms
  2 black bears
  2 ogres
  4 centaurs
  A crocodile (Lair:1)
  3 big kobolds
  12 bullfrogs
  Dowan (D:4)
  3 scorpions
  11 killer bees
  3 wights
  2 howler monkeys
  3 crimson imps
  A bullfrog zombie (D:9)
  2 jellies (D:9)
  11 orc priests
  6 hounds
  3 centaur skeletons
  22 orc wizards
  2 bullfrog skeletons
  Terence (D:3)
  3 iguanas
  8 worker ants
  A hound zombie (D:9)
  2 hound skeletons
  A worker ant zombie (D:9)
  Robin (D:3)
  A howler monkey skeleton (D:5)
  3 gnolls
  17 adders
  5 river rats
  3 shadow imps
  3 oozes
  3 adder zombies
  3 adder skeletons
  2 worms
  7 dart slugs
  6 leopard geckos
  59 orcs
  6 ball pythons (Sewer)
  14 bats
  8 giant cockroaches
  16 goblins
  10 hobgoblins
  28 jackals
  20 kobolds
  7 quokkas
  9 frilled lizards
  A jackal zombie (D:8)
  A leopard gecko skeleton (D:6)
  33 rats
425 creatures vanquished.

Vanquished Creatures (collateral kills)
  A hungry ghost (D:9)
  An ice beast (D:6)
  A wight (D:7)
  A centaur skeleton (D:5)
  A worker ant (D:3)
  2 adders (Sewer)
  3 ball pythons (Sewer)
10 creatures vanquished.

Grand Total: 435 creatures vanquished

Notes
Turn   | Place    | Note
-------+----------+-------------------------------------------
     0 | D:1      | LostNumber the Ogre Transmuter began the quest for the Orb.
     0 | D:1      | Reached XP level 1. HP: 19/19 MP: 3/3
   401 | D:1      | Reached XP level 2. HP: 13/28 MP: 1/5
   787 | D:1      | Reached XP level 3. HP: 26/36 MP: 6/6
   992 | D:1      | Learned a level 2 spell: Sticks to Snakes
   996 | D:1      | Learned a level 3 spell: Spider Form
  1558 | D:2      | Reached XP level 4. HP: 22/44 MP: 3/7
  2348 | D:3      | Found a runed translucent gate.
  2349 | D:3      | Found a runed translucent gate.
  2349 | D:3      | Noticed tape's ghost (amateur TeAE)
  2350 | D:3      | Found a runed translucent gate.
  2384 | D:3      | Reached skill level 1 in Poison Magic
  2384 | D:3      | Reached XP level 5. HP: 40/53 MP: 6/9
  2523 | D:3      | HP: 2/53 [orc/+0 whip (4)]
  3050 | D:3      | Reached XP level 6. HP: 45/61 MP: 8/10
  3065 | D:3      | Learned a level 4 spell: Ice Form
  3230 | D:3      | Noticed Robin
  3240 | D:3      | Killed Robin
  3931 | D:3      | Reached skill level 1 in Ice Magic
  3953 | D:3      | Reached skill level 5 in Unarmed Combat
  3953 | D:3      | Reached XP level 7. HP: 17/70 MP: 8/12
  4253 | D:3      | Noticed Terence
  4271 | D:3      | Killed Terence
  4542 | D:3      | Found a glowing golden altar of the Shining One.
  4828 | D:4      | Noticed Duvessa
  4931 | D:4      | Reached XP level 8. HP: 71/79 MP: 10/14
  4986 | D:4      | Found a glowing drain.
  4993 | Sewer    | Entered a sewer
  5017 | Sewer    | Reached skill level 5 in Fighting
  6482 | D:4      | Noticed Dowan
  6502 | D:4      | Killed Duvessa
  6519 | D:4      | Killed Dowan
  6581 | D:4      | Found Koerghunk's Assorted Antiques.
  6716 | D:4      | Bought a coiled pewter amulet for 130 gold pieces
  6716 | D:4      | Identified the amulet "Nicaupn" {RegenMP Int+5} (You bought
                  | it in a shop on level 4 of the Dungeon)
  6833 | D:5      | Entered Level 5 of the Dungeon
  6853 | D:5      | Reached skill level 5 in Spellcasting
  7275 | D:5      | Reached XP level 9. HP: 89/89 MP: 13/16
  7282 | D:5      | Noticed a two-headed ogre
  7609 | D:6      | Noticed Prince Ribbit
  7620 | D:6      | Killed Prince Ribbit
  8030 | D:6      | Learned a level 5 spell: Blade Hands
  8385 | D:6      | Found a shadowy altar of Dithmenos.
  8576 | D:7      | Reached skill level 5 in Transmutations
  9202 | D:7      | Learned a level 2 spell: Blink
  9339 | D:7      | Found a staircase to the Ecumenical Temple.
  9750 | Temple   | Entered the Ecumenical Temple
  9918 | Temple   | Became a worshipper of Ru the Awakened
  9971 | D:7      | Noticed Joseph
  9988 | D:7      | Killed Joseph
  9988 | D:7      | Reached XP level 10. HP: 47/104 MP: 13/19
 11106 | D:8      | Noticed a two-headed ogre
 11116 | D:8      | Killed a two-headed ogre
 11789 | D:5      | Killed a two-headed ogre
 12065 | D:5      | Gained mutation: You cannot train Dodging skill. [Ru
                  | sacrifice]
 12065 | D:5      | Reached * piety under Ru
 12066 | D:5      | Found an iron altar of Okawaru.
 12066 | D:5      | Found an ancient bone altar of Kikubaaqudgha.
 12070 | D:5      | Found a hide-covered altar of Uskayaw.
 12187 | D:5      | Noticed Artool's ghost (novice DsFi)
 12192 | D:5      | Found a transporter.
 12194 | D:5      | Found a transporter.
 12203 | D:5      | Identified the cursed +1 great mace of the Coward {flame,
                  | MP+9 Int+4 Dex+2}
 12717 | D:9      | Noticed a two-headed ogre
 12733 | D:9      | Killed a two-headed ogre
 12733 | D:9      | Reached XP level 11. HP: 112/115 MP: 16/22
 13080 | D:9      | Noticed a two-headed ogre
 13137 | D:9      | Killed a two-headed ogre
 13469 | D:9      | Reached skill level 1 in Translocations
 14053 | D:9      | Found the +9 staff of Olgreb {rPois}
 14061 | D:9      | Found a runed translucent gate.
 14061 | D:9      | Found a runed translucent gate.
 14062 | D:9      | Found a runed translucent door.
 14072 | D:9      | Found a runed translucent gate.
 14080 | D:9      | Found a runed translucent door.
 14156 | D:9      | Reached skill level 10 in Unarmed Combat
 14507 | D:9      | Found a radiant altar of Vehumet.
 14690 | D:10     | Entered Level 10 of the Dungeon
 14763 | D:9      | Gained mutation: You cannot study or use magical devices.
                  | [Ru sacrifice]
 14763 | D:9      | Reached ** piety under Ru
 14763 | D:9      | Reached *** piety under Ru
 14763 | D:9      | Reached **** piety under Ru
 15334 | D:10     | Found a staircase to the Lair.
 15482 | D:10     | Noticed a two-headed ogre
 15507 | D:10     | Killed a two-headed ogre
 15507 | D:10     | Reached skill level 10 in Fighting
 16069 | D:10     | Noticed a reaper
 16087 | D:10     | Found a portal to a secret trove of treasure.
 16339 | Lair:1   | Entered Level 1 of the Lair of Beasts
 16342 | Lair:1   | Reached XP level 12. HP: 127/127 MP: 20/24
 16661 | Lair:1   | Got a wavering turquoise ring
 16697 | Lair:1   | Identified the ring "Ulomawam" {*Corrode +Blink MP+9 Int+7}
                  | (You found it on level 1 of the Lair of Beasts)
 16714 | Lair:1   | Noticed a seven-headed hydra
 16714 | Lair:1   | Noticed a seven-headed hydra
 16737 | Lair:1   | Killed a seven-headed hydra
 16739 | Lair:1   | Mangled by a seven-headed hydra

Skill      XL: |  1  2  3  4  5  6  7  8  9 10 11 12 |
---------------+-------------------------------------+-----
Unarmed Combat | 3 4 5 6 8 9 10 11 | 11.3
Fighting       | 2 3 4 6 7 9 10 11 | 11.0
Transmutations | 2 3 4 6 7 9 |  9.0
Poison Magic   | 1 |  1.4
Spellcasting   | 3 4 5 6 7 8 |  8.0
Ice Magic      | 1 2 3 |  3.6
Dodging        | 0 |  0.0
Translocations | 2 |  2.0

Action                   |  1- 3 |  4- 6 |  7- 9 | 10-12 || total
-------------------------+-------+-------+-------+-------++-------
Melee: Unarmed           |   137 |   225 |   477 |   575 ||  1414
       Kick              |    10 |     3 |    16 |    24 ||    53
       Headbutt          |     6 |     3 |     9 |     7 ||    25
       Punch             |       |     6 |     8 |     9 ||    23
 Cast: Beastly Appendage |    15 |    15 |    13 |    18 ||    61
       Spider Form       |     2 |    14 |    34 |    25 ||    75
       Sticks to Snakes  |       |     1 |    13 |    23 ||    37
       Ice Form          |       |       |     1 |     7 ||     8
       Blade Hands       |       |       |       |     4 ||     4
       Blink             |       |       |       |     1 ||     1
Invok: Sacrifice Nimblen |       |       |       |     1 ||     1
       Draw Out Power    |       |       |       |     2 ||     2
       Sacrifice Artific |       |       |       |     1 ||     1
  Use: Potion            |       |     1 |     1 |       ||     2
       Scroll            |       |       |    11 |     6 ||    17
 Stab: Sleeping          |       |       |     5 |       ||     5
       Distracted        |       |       |     2 |     4 ||     6
       Paralysed         |       |       |       |     2 ||     2
       Invisible         |       |       |       |     1 ||     1
  Eat: Chunk             |     3 |     9 |    22 |    24 ||    58
       Ration            |       |       |       |     1 ||     1
Armor: Robe              |    67 |    40 |    48 |    57 ||   212
       Skin              |     1 |     4 |    25 |    75 ||   105
Dodge: Dodged            |   104 |   153 |   381 |   324 ||   962
